 Dungeon Crawl Stone Soup version 0.20.1-1-g8b1a95d (webtiles) character file.

100 dengdeng the Shield-Bearer (level 4, -1/28 HPs)
             Began as a Gargoyle Fighter on Oct 30, 2017.
             Slain by an adder (3 damage)
             ... on level 2 of the Dungeon.
             The game lasted 00:15:19 (2122 turns).

dengdeng the Shield-Bearer (Gargoyle Fighter)       Turns: 2122, Time: 00:15:20

Health: -1/28      AC: 11    Str: 21    XL:     4   Next: 74%
Magic:  4/4        EV:  7    Int:  8    God:
Gold:   77         SH:  9    Dex:  9    Spells: 3/3 levels left

rFire    . . .     SeeInvis .   q - +0 long sword (curse)
rCold    . . .     Gourm    .   c - +0 shield
rNeg     + . .     Faith    .   b - +1 scale mail
rPois    ∞         Spirit   .   (no helmet)
rElec    +         Reflect  .   (no cloak)
rCorr    .         Harm     .   (no gloves)
MR       .....                  (no boots)
Stlth    ..........             (no amulet)
Regen    0.1/turn               (no ring)
MPRegen  0.1/turn               (no ring)

@: no status effects
A: negative energy resistance 1, electricity resistance, unbreathing,
petrification resistance, rot immunity, AC +3
a: no special abilities


You were on level 2 of the Dungeon.
You were not hungry.

You visited 1 branch of the dungeon, and saw 2 of its levels.

You collected 77 gold pieces.

Inventory:

Hand Weapons
 a - a +0 long sword
 l - a +3 spear
 m - a +3 spear
 q - a cursed +0 long sword (weapon)
 r - a +0 vampiric whip
 t - a +4 short sword
Missiles
 g - 17 poisoned needles
 k - 37 stones (quivered)
Armour
 b - a +1 scale mail (worn)
 c - a +0 shield (worn)
 h - a +0 chain mail
Jewellery
 n - an uncursed ring of protection from magic {unknown}
Scrolls
 i - a scroll of teleportation
 u - a scroll of enchant weapon {unknown}
Potions
 d - 3 potions of might
 e - a potion of haste {unknown}
 o - 2 potions of brilliance {unknown}
 s - a potion of agility {unknown}
Comestibles
 f - a bread ration
 p - a meat ration


   Skills:
 + Level 3.6 Fighting
 + Level 3.0 Long Blades
 + Level 1.1 Throwing
 + Level 3.7 Armour
 + Level 0.4 Dodging
 + Level 3.8 Shields


You had 3 spell levels left.
You didn't know any spells.

Dungeon Overview and Level Annotations

Branches:
Dungeon (2/15)

Altars:
Yredelemnul
The Shining One

Annotations:
D:2 Sigmund


Innate Abilities, Weirdness & Mutations

You are resistant to torment.
Your stone body is resilient. (AC +3)
You are immune to poison.
You resist negative energy. (rN+)
You are resistant to electric shocks. (rElec)
You can survive without breathing.
You are immune to petrification.
You are immune to rotting.


Message History

* * * LOW HITPOINT WARNING * * *
You block the adder's attack. The adder bites you but does no damage.
You block the adder's attack. The adder bites you.
* * * LOW HITPOINT WARNING * * *
Something hits you but does no damage. The adder bites you but does no damage.
You block the adder's attack.
You slash the adder!
The adder is severely wounded.
Sigmund appears from thin air!
Reactivating autopickup.
The adder barely misses you. You block the adder's attack.
Sigmund mumbles some strange words.
Sigmund flickers and vanishes!
Deactivating autopickup; reactivate with Ctrl-A.
You barely miss the adder.
The adder is severely wounded.
The adder bites you.
You die...

#.........#### ####.........# ##
###########.......#'## .#
#.........#..........# .#
#.........#.....>....# .#
#.........######.....# .#
#.........# #..)..#
<####.........######.....#######
....'..........S@..'.......>...#
.####.........######......####.#
.######.#.#.......##......# #.#
.).S....#.#.#####.##......# #.#
#########.### ###.#### ###
.S....#
..###########...#########
###...#
#.####§.§.§.#...#.§.§.§## .#
#.##A#._....'...'...._.#A
######§.§.§.#...#.§.§.§##


You could see an adder.

Vanquished Creatures
  An adder (D:2)
  4 gnolls (D:2)
  A worm (D:2)
  A dart slug (D:1)
  3 bats
  3 giant cockroaches
  5 goblins
  6 hobgoblins
  5 jackals
  4 kobolds
  A quokka (D:2)
  2 ball pythons (D:1)
  3 frilled lizards (D:1)
  8 rats
47 creatures vanquished.

Notes
Turn   | Place    | Note
-------+----------+-------------------------------------------
     0 | D:1      | dengdeng the Gargoyle Fighter began the quest for the Orb.
     0 | D:1      | Reached XP level 1. HP: 14/14 MP: 1/1
   169 | D:1      | Reached XP level 2. HP: 12/19 MP: 2/2
   857 | D:1      | Reached XP level 3. HP: 23/23 MP: 3/3
  1244 | D:2      | Reached XP level 4. HP: 15/28 MP: 4/4
  1537 | D:2      | Reached skill level 1 in Throwing
  1880 | D:2      | Found a glowing golden altar of the Shining One.
  1882 | D:2      | Noticed an angel
  1887 | D:2      | Found a basalt altar of Yredelemnul.
  1889 | D:2      | Noticed a profane servitor
  2061 | D:2      | Noticed Sigmund
  2122 | D:2      | Slain by an adder

Skill      XL: |  1  2  3  4 |
---------------+-------------+-----
Long Blades    | 2 3 |  3.0
Throwing       | 1 |  1.1
Fighting       | |  3.6
Armour         | |  3.7
Dodging        | |  0.4
Shields        | |  3.8

Action                   |  1- 3 |  4- 6 || total
-------------------------+-------+-------++-------
Melee: Long sword        |   109 |    90 ||   199
Throw: Stone             |    57 |    12 ||    69
  Use: Scroll            |     1 |     3 ||     4
  Eat: Chunk             |     1 |     3 ||     4
Armor: Scale mail        |    58 |    47 ||   105
Dodge: Dodged            |    37 |    22 ||    59
Block: Shield            |    63 |    37 ||   100
       Rpst.: Long sword |    12 |     6 ||    18
